[Event "Team 45 45 League T70"]
[Site "Internet Chess Club"]
[Date "2016.09.15"]
[Round "2"]
[White "Hal2001"]
[Black "Mitochondria"]
[Result "1/2-1/2"]
[WhiteElo "1593"]
[BlackElo "1592"]
[Opening "French: Two knights variation"]
[ECO "C00"]
[Time "21:04:37"]
[TimeControl "2700+45"]

1. e4 e6 2. Nc3 d5 3. Nf3 c5 4. exd5 exd5 5. Bb5+ Nc6 6. Qe2+ Be7 7. d4 a6 8.
Bxc6+ bxc6 9. O-O Nf6 10. Re1 Bg4 11. Bg5 Bxf3 12. Qxf3 O-O 13. dxc5 Rb8 14.
Rab1 Re8 15. Na4 Ne4 16. Bxe7 Rxe7 17. Ra1 Qa5 18. b3 Rbe8 19. Qf4 Qd8 20. Kf1
h6 21. f3 Nf6 22. Qd6 Rxe1+ 23. Rxe1 Rxe1+ 24. Kxe1 Qe8+ 25. Kf2 Nh7 26. Nb2 Ng5
27. Nd3 Ne6 28. c3 a5 29. a3 Nd8 30. b4 axb4 31. axb4 Ne6 {Game drawn by mutual
agreement} 1/2-1/2

[Event "Team 45 45 League T70"]
[Site "Internet Chess Club"]
[Date "2016.09.18"]
[Round "2"]
[White "Zyme"]
[Black "mongmong"]
[Result "1-0"]
[WhiteElo "1430"]
[BlackElo "1469"]
[Opening "Nimzo-Indian: Sämisch variation"]
[ECO "E27"]
[Time "21:00:49"]
[TimeControl "2700+45"]

1. d4 e6 2. c4 Nf6 3. Nc3 Bb4 4. a3 Bxc3+ 5. bxc3 O-O 6. Nf3 c5 7. Bg5 Qa5 8.
Qc2 Ne4 9. Bd2 Nxd2 10. Nxd2 cxd4 11. cxd4 Nc6 12. e3 d6 13. Bd3 h6 14. O-O Bd7
15. Ne4 Qc7 16. d5 Ne5 17. dxe6 Bxe6 18. Rfc1 Rac8 19. c5 Nxd3 20. Qxd3 dxc5 21.
Rxc5 Qe7 22. Rxc8 Rxc8 23. Nd6 Rd8 24. Rd1 b6 25. Nf5 Rxd3 26. Nxe7+ Kf8 27.
Ng6+ fxg6 28. Rxd3 Ke7 29. f3 a5 30. Kf2 a4 31. Rd4 b5 32. Rb4 Bc4 33. e4 Kd6
34. Ke3 Kc5 35. Kf4 Kd4 36. h4 Kc5 37. Ke5 Bf1 38. g3 Bg2 39. f4 Bh3 40. Rd4 Bg4
41. Rd6 b4 42. Rd4 b3 43. Rxa4 h5 44. Rb4 Bd1 45. Ke6 Bc2 46. e5 Bd3 47. Kf7
Bc4+ 48. Kxg6 Kd4 49. Kxg7 Kc3 50. f5 b2 51. Rxb2 {Black resigns} 1-0

[Event "Team 45 45 League T70"]
[Site "Internet Chess Club"]
[Date "2016.09.16"]
[Round "2"]
[White "smsxman"]
[Black "BrerRabbit"]
[Result "1/2-1/2"]
[WhiteElo "1370"]
[BlackElo "1397"]
[Opening "Réti: Wade defense"]
[ECO "B07"]
[Time "10:31:46"]
[TimeControl "2700+45"]

1. e4 d6 2. Nf3 Bg4 3. Be2 Nf6 4. Nc3 c5 5. d4 Nc6 6. d5 Bxf3 7. Bxf3 Nd4 8. O-O
Nxf3+ 9. Qxf3 g6 10. Re1 Nd7 11. Bf4 Bg7 12. Rab1 O-O 13. a4 a6 14. Bd2 Ne5 15.
Qe2 Nd7 16. b3 Ne5 17. Na2 Qc7 18. a5 Rfb8 19. b4 Nd7 20. c3 b6 21. axb6 Rxb6
22. Be3 Rb7 23. b5 axb5 24. Bg5 Ne5 25. f4 Qa5 26. fxe5 Qxa2 27. exd6 Qxe2 28.
Rxe2 exd6 29. c4 b4 30. Bf4 Be5 31. Bh6 b3 32. Bc1 Ra4 33. Bb2 f6 34. Bxe5 fxe5
35. Reb2 Rab4 36. Kf2 Rxc4 37. Rxb3 Rxb3 38. Rxb3 Rxe4 39. Rb6 Kf7 40. Rxd6 Rd4
41. Rd7+ Kg8 42. Ke3 c4 43. d6 c3 44. Rd8+ Kg7 45. d7 c2 46. Rc8 Rxd7 47. Rxc2
Rd4 48. Rc6 Rd5 49. g3 h5 50. Ke4 Rd2 51. h4 Rg2 52. Kf3 Rg1 53. Kf2 Ra1 54. Re6
Ra5 {Game drawn by mutual agreement} 1/2-1/2

[Event "Team 45 45 League T70"]
[Site "Internet Chess Club"]
[Date "2016.09.16"]
[Round "2"]
[White "AlPearson"]
[Black "dabodhi"]
[Result "1-0"]
[WhiteElo "1372"]
[BlackElo "1350"]
[Opening "French: advance, Euwe variation"]
[ECO "C02"]
[Time "15:01:13"]
[TimeControl "2700+45"]

1. e4 e6 2. d4 d5 3. e5 c5 4. c3 Nc6 5. Nf3 Bd7 6. Be2 Nge7 7. O-O Ng6 8. Bg5 f6
9. exf6 gxf6 10. Bh4 Be7 11. Bg3 e5 12. dxe5 Be6 13. exf6 Bxf6 14. Bb5 O-O 15.
Nbd2 Qd7 16. Qa4 a6 17. Bxc6 bxc6 18. Nb3 Be7 19. Ne5 Nxe5 20. Bxe5 Rf5 21. Rae1
Rg5 22. Bg3 Bd6 23. Qh4 Rg6 24. Nd2 Bg4 25. Re3 Bxg3 26. Rxg3 Re8 27. f3 Bf5 28.
Kf2 Qe6 29. Rxg6+ Bxg6 30. Kg1 Qe3+ 31. Qf2 Qxf2+ 32. Kxf2 c4 33. Re1 Rxe1 34.
Kxe1 Kf7 35. Kf2 Ke6 36. Ke3 Ke5 37. f4+ Kf5 38. Nf3 Be8 39. Ne5 a5 40. g3 h5
41. Kd4 a4 42. a3 Kf6 43. Kc5 Ke6 44. Nxc6 Bxc6 45. Kxc6 Kf5 46. Kxd5 Kg4 47.
Kxc4 {Black resigns} 1-0

[Event "Team 45 45 League T70"]
[Site "Internet Chess Club"]
[Date "2016.09.18"]
[Round "2"]
[White "zap2"]
[Black "viktory"]
[Result "1-0"]
[WhiteElo "1735"]
[BlackElo "1608"]
[Opening "Sicilian: Keres variation (2.Ne2)"]
[ECO "B20"]
[Time "12:02:54"]
[TimeControl "2700+45"]

1. e4 c5 2. Ne2 Nc6 3. g3 g6 4. Bg2 Bg7 5. c3 Qb6 6. Na3 e6 7. Nc4 Qc7 8. a4
Nge7 9. Ne3 O-O 10. d4 cxd4 11. cxd4 Rd8 12. d5 exd5 13. exd5 Qb6 14. d6 Nf5 15.
Nxf5 gxf5 16. O-O Nd4 17. Nxd4 Bxd4 18. Bf4 Qa5 19. Qxd4 {Black resigns} 1-0

[Event "Team 45 45 League T70"]
[Site "Internet Chess Club"]
[Date "2016.09.18"]
[Round "2"]
[White "tuantuan"]
[Black "EFXBT"]
[Result "0-1"]
[WhiteElo "1437"]
[BlackElo "1503"]
[Opening "Sicilian: accelerated fianchetto, modern variation"]
[ECO "B34"]
[Time "18:54:37"]
[TimeControl "2700+45"]

1. e4 c5 2. Nf3 Nc6 3. d4 cxd4 4. Nxd4 g6 5. Nc3 Bg7 6. Nxc6 bxc6 7. Be2 d6 8.
O-O Rb8 9. f4 Qa5 10. Bd2 Rxb2 11. Nd5 Qc5+ 12. Be3 Qxc2 13. Bf3 cxd5 14. exd5
Nf6 15. Qe1 Ng4 16. Rc1 Qf5 17. Bd2 O-O 18. h3 Qd3 19. Bc3 Bd4+ 20. Kh1 Nf2+ 21.
Kh2 Rxa2 22. Bxd4 Qxd4 23. Qxe7 Qxf4+ 24. Kg1 Nxh3+ 25. Kh1 Nf2+ 26. Kg1 Ng4 27.
Rxc8 Qh2# {White checkmated} 0-1

[Event "Team 45 45 League T70"]
[Site "Internet Chess Club"]
[Date "2016.09.17"]
[Round "2"]
[White "bunny77"]
[Black "mattwang"]
[Result "0-1"]
[WhiteElo "1261"]
[BlackElo "1338"]
[Opening "Sicilian: Taimanov variation"]
[ECO "B45"]
[Time "17:00:19"]
[TimeControl "2700+45"]

1. e4 c5 2. Nf3 Nc6 3. d4 cxd4 4. Nxd4 e6 5. Nc3 Bb4 6. Be2 Nf6 7. O-O Bxc3 8.
bxc3 Nxe4 9. Qd3 Nc5 10. Qg3 Qf6 11. Nb5 O-O 12. Bg5 Qg6 13. Bd3 Nxd3 14. cxd3
a6 15. Nd6 e5 16. Ne4 d5 17. Nd2 Bf5 18. Nf3 Bxd3 19. Nxe5 Nxe5 20. Qxe5 Bxf1
21. Kxf1 Qd3+ 22. Kg1 Rfe8 23. Qf4 Qxc3 24. Rc1 Qe5 25. Qd2 Qe2 26. Qc3 Qxa2 27.
Qg3 Qe2 28. f3 g6 29. Bf6 Qd2 30. Rf1 Qe3+ 31. Kh1 d4 32. Qh4 Rac8 33. f4 Rc1
34. Rxc1 Qxc1+ 35. Qe1 {White resigns} 0-1

[Event "Team 45 45 League T70"]
[Site "Internet Chess Club"]
[Date "2016.09.16"]
[Round "2"]
[White "Rushu2009"]
[Black "liujf"]
[Result "1-0"]
[WhiteElo "1249"]
[BlackElo "1267"]
[Opening "Giuoco Piano"]
[ECO "C50"]
[Time "19:36:00"]
[TimeControl "2700+45"]

1. e4 e5 2. Nf3 Nc6 3. Bc4 Bc5 4. O-O Nf6 5. Nc3 O-O 6. d3 d6 7. Na4 Bb4 8. c3
Ba5 9. b4 Bb6 10. Nxb6 axb6 11. b5 Ne7 12. Bg5 Ng6 13. d4 exd4 14. cxd4 h6 15.
Be3 Nxe4 16. Qc2 Bf5 17. Bd3 Re8 18. d5 Qd7 19. Qb2 Bg4 20. Be2 Qf5 21. h3 Bxf3
22. Bxf3 Qxd5 23. Rfd1 Qe6 24. Bd4 Nf6 25. Bxb7 Ra7 26. Re1 Qxe1+ 27. Rxe1 Rxe1+
28. Kh2 Rxb7 29. Qa3 Rb8 30. Qc3 Rc8 31. Qxe1 Re8 32. Qc3 Nd5 33. Qc6 Nf6 34.
Qxc7 Ne4 35. Qc6 h5 36. Qxe8+ {Black resigns} 1-0

[Event "Team 45 45 League T70"]
[Site "Internet Chess Club"]
[Date "2016.09.16"]
[Round "2"]
[White "calsal"]
[Black "cityprosecutor"]
[Result "0-1"]
[WhiteElo "1793"]
[BlackElo "1752"]
[Opening "Pirc defense"]
[ECO "B07"]
[Time "17:31:36"]
[TimeControl "2700+45"]

1. e4 d6 2. d4 Nf6 3. Nc3 g6 4. Be3 Bg7 5. Qd2 Ng4 6. Bg5 h6 7. Bh4 c6 8. h3 Nf6
9. f4 Qa5 10. Nf3 b5 11. Bd3 b4 12. Ne2 Ba6 13. O-O O-O 14. a3 Bxd3 15. Qxd3 Qb6
16. axb4 Qxb4 17. e5 dxe5 18. fxe5 Nd5 19. c3 Qb7 20. c4 Nb6 21. Nf4 Kh7 22.
Rae1 Na6 23. Nd2 Qd7 24. Bf2 Nc7 25. Ne4 Ne6 26. Nh5 f5 27. exf6 exf6 28. Nxg7
Kxg7 29. Nc3 Rad8 30. Rd1 Rf7 31. Be3 Nc8 32. Qd2 g5 33. Ne2 f5 34. Qd3 Nc5 35.
Qc2 Ne4 36. g4 Re8 37. gxf5 Rxf5 38. h4 Rxf1+ 39. Rxf1 Qg4+ 40. Kh1 Qh3+ 41. Kg1
Qxe3+ {White resigns} 0-1

[Event "Team 45 45 League T70"]
[Site "Internet Chess Club"]
[Date "2016.09.17"]
[Round "2"]
[White "elessar"]
[Black "Yedixon"]
[Result "1/2-1/2"]
[WhiteElo "1694"]
[BlackElo "1736"]
[Opening "Petrov: modern attack, Symmetrical variation"]
[ECO "C43"]
[Time "13:00:44"]
[TimeControl "2700+45"]

1. e4 e5 2. Nf3 Nf6 3. d4 Nxe4 4. Bd3 d5 5. Nxe5 Nd7 6. Nxd7 Bxd7 7. O-O Bd6 8.
Nc3 Nxc3 9. bxc3 O-O 10. Qh5 g6 11. Qxd5 Bc6 12. Qg5 Qd7 13. Bf4 f6 14. Qg3 Ba3
15. Rab1 Rac8 16. Rfe1 g5 17. h4 h6 18. hxg5 fxg5 19. Bc4+ Bd5 20. Bxd5+ Qxd5
21. Bxc7 Qxa2 22. Rxb7 Qxc2 23. Bd6 Rxc3 24. Qe5 Qxf2+ 25. Kh1 Qh4+ 26. Kg1 Qf2+
27. Kh1 Qh4+ 28. Kg1 {Game drawn by mutual agreement} 1/2-1/2

[Event "Team 45 45 League T70"]
[Site "Internet Chess Club"]
[Date "2016.09.16"]
[Round "2"]
[White "mongmong"]
[Black "Hal2001"]
[Result "1/2-1/2"]
[WhiteElo "1480"]
[BlackElo "1588"]
[Opening "Queen's pawn: Yusupov-Rubinstein system"]
[ECO "A46"]
[Time "21:03:10"]
[TimeControl "2700+45"]

1. d4 Nf6 2. Nf3 e6 3. e3 b6 4. Bd3 Bb7 5. Nbd2 c5 6. c3 Nc6 7. O-O Be7 8. e4
cxd4 9. cxd4 Nb4 10. Bb1 Ba6 11. Re1 Nd3 12. Bxd3 Bxd3 13. e5 Nd5 14. a3 O-O 15.
Ne4 Bxe4 16. Rxe4 f5 17. Re1 Rc8 18. Bd2 Qe8 19. Qa4 a5 20. Rec1 d6 21. Qxe8
Rfxe8 22. Rxc8 Rxc8 23. exd6 Bxd6 24. Rc1 Rxc1+ 25. Bxc1 {Game drawn by mutual
agreement} 1/2-1/2

[Event "Team 45 45 League T70"]
[Site "Internet Chess Club"]
[Date "2016.09.14"]
[Round "2"]
[White "Constrictor"]
[Black "BrerRabbit"]
[Result "1-0"]
[WhiteElo "1554"]
[BlackElo "1398"]
[Opening "Nimzovich-Larsen attack"]
[ECO "A01"]
[Time "20:02:59"]
[TimeControl "2700+45"]

1. b3 d6 2. Bb2 e5 3. g3 f5 4. Bg2 Nf6 5. c4 Nc6 6. Nc3 Bd7 7. e3 Be7 8. Nge2
O-O 9. Nd5 Nxd5 10. Bxd5+ Kh8 11. f4 Nb4 12. Bxb7 Nd3+ 13. Kf1 Nxb2 14. Qc2 Rb8
15. Bg2 Nxc4 16. Qxc4 Bb5 17. Qc2 e4 18. Rc1 c5 19. Kf2 Bd3 20. Qd1 Bf6 21. Nc3
Qd7 22. Bf1 Bxf1 23. Qxf1 Qc6 24. Qc4 Qd7 25. Nd5 g5 26. Nxf6 Rxf6 27. fxg5 Rg6
28. h4 Rg7 29. Qc3 Kg8 30. Qc4+ Kh8 31. Rhf1 Qe8 32. Qd5 Qd7 33. Kg2 Re8 34.
Rxf5 Re5 35. Rxe5 dxe5 36. Qxc5 Qxd2+ 37. Kh3 Qd7+ 38. g4 Qe6 39. Qc8+ Qg8 40.
Qxg8+ Rxg8 41. Rc4 Rf8 42. Rxe4 Rf2 43. Rxe5 Rxa2 44. h5 Ra3 45. b4 Rb3 46. b5
Kg7 47. Kg3 Rb2 48. Kf3 Rb1 49. Re7+ Kg8 50. Rxa7 Rxb5 51. Kf4 Rb4+ 52. e4 Rb1
53. e5 Rf1+ 54. Ke4 Re1+ 55. Kf5 Rf1+ 56. Ke6 Rf4 57. h6 Rf3 58. Ra8+ {Black
resigns} 1-0

[Event "Team 45 45 League T70"]
[Site "Internet Chess Club"]
[Date "2016.09.18"]
[Round "2"]
[White "Invicta-Knight"]
[Black "Capt-Morgan"]
[Result "0-1"]
[WhiteElo "1668"]
[BlackElo "1922"]
[Opening "French: Steinitz variation"]
[ECO "C11"]
[Time "11:03:37"]
[TimeControl "2700+45"]

1. e4 e6 2. d4 d5 3. Nc3 Nf6 4. e5 Nfd7 5. Nf3 c5 6. Nb5 Qb6 7. c3 a6 8. Na3 Nc6
9. Nc2 f6 10. exf6 Nxf6 11. Bd3 c4 12. Be2 Bd6 13. O-O O-O 14. Ne3 Qc7 15. b3 b5
16. h3 Bd7 17. Qe1 e5 18. dxe5 Nxe5 19. Qd2 Bc6 20. Ng5 Rae8 21. Nf5 Bc5 22. b4
Ba7 23. Nd4 Bd7 24. Bb2 h6 25. Ngf3 Ne4 {White resigns} 0-1

[Event "Team 45 45 League T70"]
[Site "Internet Chess Club"]
[Date "2016.09.18"]
[Round "2"]
[White "RD1974"]
[Black "parrot9"]
[Result "1-0"]
[WhiteElo "1726"]
[BlackElo "1701"]
[Opening "Sicilian: closed"]
[ECO "B23"]
[Time "14:01:20"]
[TimeControl "2700+45"]

1. e4 c5 2. Nc3 e6 3. Nf3 Nc6 4. d3 d6 5. g3 Nf6 6. Bg2 a6 7. O-O Qc7 8. Bg5 Be7
9. Ne2 b5 10. c3 Bb7 11. Nd2 h6 12. Be3 d5 13. exd5 Nxd5 14. d4 Nxe3 15. fxe3
O-O 16. e4 Qb6 17. Nf3 Rfd8 18. Qc2 Rac8 19. d5 exd5 20. exd5 Rxd5 21. Nf4 Rdd8
22. Rae1 Bf6 23. Qf5 c4+ 24. Kh1 Ne7 25. Qg4 Re8 26. Nh5 Ng6 27. Nxf6+ Qxf6 28.
Rxe8+ Rxe8 29. Qd7 Qe7 30. Qxe7 Rxe7 31. Nd4 Bxg2+ 32. Kxg2 Re3 33. Rf2 Ne5 34.
Nf5 Rd3 35. Re2 f6 36. Nd4 Kf7 37. a3 Ng4 38. h3 Ne3+ 39. Kf2 Nd5 40. Nc6 f5 41.
Ne5+ Kf6 42. Nxd3 cxd3 43. Rd2 Ke5 44. Rxd3 g5 45. Kf3 h5 46. g4 fxg4+ 47. hxg4
h4 48. Rd4 a5 49. Re4+ Kd6 50. Re8 Nc7 51. Rg8 Ne6 52. Rg6 Ke5 53. b3 Kd5 54.
Rf6 Nc5 55. Rf5+ Kc6 56. b4 axb4 57. cxb4 Ne6 58. Rf6 Kd5 59. Ke3 Nd4 60. Rf7
Nc2+ 61. Kd3 Nxa3 62. Rf5+ Kc6 63. Rxg5 Nc4 64. Rh5 Kd6 65. Ke4 Nd2+ 66. Kf4 Kc6
67. g5 Kd5 68. g6+ Kc4 69. g7 {Black resigns} 1-0

[Event "Team 45 45 League T70"]
[Site "Internet Chess Club"]
[Date "2016.09.21"]
[Round "2"]
[White "az2112"]
[Black "noblitz-oblige"]
[Result "1/2-1/2"]
[WhiteElo "1636"]
[BlackElo "1477"]
[Opening "Ruy Lopez: Berlin defense, 4.O-O, d6"]
[ECO "C66"]
[Time "09:00:33"]
[TimeControl "2700+45"]

1. e4 e5 2. Nf3 Nc6 3. Bb5 Nf6 4. O-O d6 5. Re1 Bd7 6. c3 a6 7. Ba4 b5 8. Bc2
Be7 9. d4 O-O 10. h3 h6 11. Nbd2 Nh7 12. Nf1 Ng5 13. Be3 f5 14. exf5 Bxf5 15.
Bxg5 Bxg5 16. Bb3+ Kh8 17. dxe5 Bf4 18. exd6 Bxd6 19. Bd5 Bd7 20. Nd4 Qf6 21.
Re2 Nxd4 22. Qxd4 Qxd4 23. cxd4 Rae8 24. Rae1 Rd8 25. Be6 Bxe6 26. Rxe6 Bb4 27.
R1e4 Rd6 28. d5 Bc5 29. Ne3 Bxe3 30. fxe3 Rxd5 31. Rd4 Rxd4 32. exd4 Rd8 33.
Rxa6 Rxd4 34. Rc6 Rd2 35. Rxc7 Rxb2 36. Rb7 b4 37. Kh2 Rxa2 38. Rxb4 Ra3 39. Rb6
Kg8 40. Rb7 Rc3 41. h4 Ra3 42. h5 Ra5 43. g4 Ra3 44. Kg2 Rc3 45. Kf2 Ra3 46. Re7
Rc3 47. Re3 Rxe3 48. Kxe3 Kf7 49. Kf3 g6 50. hxg6+ {Game drawn by mutual
agreement} 1/2-1/2

[Event "Team 45 45 League T70"]
[Site "Internet Chess Club"]
[Date "2016.09.15"]
[Round "2"]
[White "OGO"]
[Black "crazyhorses"]
[Result "0-1"]
[WhiteElo "1464"]
[BlackElo "1393"]
[Opening "QGA: 3.e4"]
[ECO "D20"]
[Time "14:00:25"]
[TimeControl "2700+45"]

1. d4 d5 2. c4 dxc4 3. e4 e5 4. d5 c6 5. Bxc4 Bb4+ 6. Nc3 Nf6 7. Qc2 O-O 8. Ne2
cxd5 9. exd5 Nxd5 10. a3 Bxc3+ 11. Nxc3 Nxc3 12. Qxc3 Nc6 13. O-O Bf5 14. b4 Qd4
15. Bb2 Qxc3 16. Bxc3 a6 17. Bb3 Nd4 18. Bd5 Ne2+ {White resigns} 0-1

[Event "Team 45 45 League T70"]
[Site "Internet Chess Club"]
[Date "2016.09.19"]
[Round "2"]
[White "tcao2005"]
[Black "FrankNautilus"]
[Result "1-0"]
[WhiteElo "1569"]
[BlackElo "1636"]
[Opening "Alekhine's defense: modern, Larsen variation"]
[ECO "B04"]
[Time "17:00:43"]
[TimeControl "2700+45"]

1. e4 Nf6 2. e5 Nd5 3. d4 d6 4. Nf3 dxe5 5. Nxe5 c6 6. c4 Nb4 7. Be3 Bf5 8. Na3
Nd7 9. Nxd7 Qxd7 10. Be2 e5 11. dxe5 Qe6 12. O-O Qxe5 13. Re1 Qxb2 14. Bh5 Be7
15. Bc5 Be6 16. Rxe6 {Black resigns} 1-0

[Event "Team 45 45 League T70"]
[Site "Internet Chess Club"]
[Date "2016.09.16"]
[Round "2"]
[White "andrew37"]
[Black "Littlemon"]
[Result "1-0"]
[WhiteElo "1733"]
[BlackElo "1593"]
[Opening "English: Sicilian reversed"]
[ECO "A25"]
[Time "17:10:10"]
[TimeControl "2700+45"]

1. c4 e5 2. Nc3 Nc6 3. g3 Bc5 4. e3 d6 5. Bg2 Bd7 6. Nge2 Nf6 7. a3 Bb6 8. b4
O-O 9. O-O Ne7 10. Bxb7 Rb8 11. Bg2 a5 12. b5 Be6 13. d3 d5 14. cxd5 Nexd5 15.
Bb2 Qd7 16. a4 Rfd8 17. Nxd5 Bxd5 18. e4 Be6 19. Bxe5 Qxd3 20. Bxf6 gxf6 21.
Qxd3 Rxd3 22. Nf4 Rd2 23. Rad1 Rbd8 24. Nd5 Rxd1 25. Rxd1 Kg7 26. Kf1 Kg6 27.
Nf4+ Kg7 28. Nxe6+ fxe6 29. Rxd8 e5 30. Bh3 Kf7 31. Rd7+ Kg8 32. Be6+ Kh8 33. h4
h6 34. Rf7 h5 35. Rxf6 Kg7 36. Rf5 Kg6 37. Bf7+ Kg7 38. Bxh5 Bd4 39. g4 Kh6 40.
Rf6+ Kg7 41. Rf7+ Kh6 42. Rxc7 {Black resigns} 1-0

[Event "Team 45 45 League T70"]
[Site "Internet Chess Club"]
[Date "2016.09.18"]
[Round "2"]
[White "Bizzy-Ketty"]
[Black "QuieroAprender"]
[Result "0-1"]
[WhiteElo "1576"]
[BlackElo "1668"]
[Opening "Vienna game"]
[ECO "C25"]
[Time "19:00:27"]
[TimeControl "2700+45"]

1. e4 e5 2. Nc3 Bc5 3. Bc4 Nf6 4. d3 h6 5. f4 d6 6. f5 c6 7. h3 d5 8. exd5 Nxd5
9. Nxd5 Qh4+ 10. Kd2 cxd5 11. Bb5+ Nc6 12. Nf3 Qb4+ 13. c3 Qxb5 14. Re1 f6 15.
d4 Bd6 16. dxe5 Bxe5 17. g4 O-O 18. Kc2 d4 19. cxd4 Nxd4+ 20. Nxd4 Qc4+ 21. Kb1
Qxd4 22. Qxd4 Bxd4 23. Bf4 Kf7 24. Kc2 Re8 25. Rad1 Rxe1 26. Rxe1 Bc5 27. Kb3
Bd7 28. Rc1 Rc8 29. Rd1 Bc6 30. Rd3 a5 31. a3 a4+ 32. Ka2 Bb5 33. Rc3 b6 34. b4
axb3+ 35. Kxb3 Rd8 36. Rf3 Be2 37. Rc3 Bd1+ 38. Ka2 Rd7 39. Rc1 Be2 40. Rc2 Bf1
41. Rc3 Rd4 42. Be3 Bc4+ 43. Kb2 Re4 44. Bxc5 bxc5 45. Kc1 Ke7 46. Kb2 Kd6 47.
Kc1 Kd5 48. a4 Re1+ 49. Kb2 Re2+ 50. Kc1 Ra2 51. Re3 Re2 52. Rg3 Kd4 53. Rg1 Ra2
54. Kb1 Rxa4 55. Re1 Bd3+ 56. Kb2 Be4 57. Rd1+ Bd3 58. Re1 Rb4+ 59. Ka3 Be4 60.
Rd1+ Kc3 61. Re1 Bd3 62. Rc1+ Bc2 63. Rxc2+ Kxc2 {White resigns} 0-1

[Event "Team 45 45 League T70"]
[Site "Internet Chess Club"]
[Date "2016.09.17"]
[Round "2"]
[White "Innes"]
[Black "moodle"]
[Result "1-0"]
[WhiteElo "1562"]
[BlackElo "1567"]
[Opening "Scandinavian: Marshall variation"]
[ECO "B01"]
[Time "17:00:30"]
[TimeControl "2700+45"]

1. e4 d5 2. exd5 Nf6 3. d4 Nxd5 4. Nf3 g6 5. c4 Nb6 6. d5 Bg7 7. Be2 Bg4 8. O-O
O-O 9. Nbd2 N8d7 10. Rb1 e6 11. h3 Bf5 12. Ra1 exd5 13. cxd5 Nxd5 14. Nb3 N7b6
15. Nbd4 Bd7 16. Bg5 Nf6 17. Ne5 Re8 18. f4 Qe7 19. Rc1 c6 20. Re1 Qd6 21. Kh2
Ne4 22. Ndf3 Bxe5 23. fxe5 Qxd1 24. Bxd1 Nxg5 25. Nxg5 h6 26. Ne4 Re7 27. Bb3
Be6 28. Bxe6 Rxe6 29. Nf6+ Kg7 30. Rcd1 Rae8 31. Nxe8+ Rxe8 32. e6 fxe6 33. a4
Nd5 34. b4 Re7 35. b5 Nc3 36. Rd6 cxb5 37. axb5 Nxb5 38. Rdxe6 Rxe6 39. Rxe6 Kf7
40. Re1 a6 41. Rc1 g5 42. g4 Ke6 43. Rc8 Kf6 44. Kg3 Nd6 45. Rh8 Kg6 46. Kf3 Kg7
47. Rd8 Nc4 48. Rd7+ Kg6 49. Rxb7 a5 50. Ra7 Kf6 51. Ra6+ Kg7 52. Ke4 Nd2+ 53.
Kf5 Nc4 54. Ra7+ Kf8 55. Kg6 Ne5+ 56. Kxh6 Nf7+ 57. Kg6 Ne5+ 58. Kf6 {Black
resigns} 1-0

[Event "Team 45 45 League T70"]
[Site "Internet Chess Club"]
[Date "2016.09.18"]
[Round "2"]
[White "VictorRed"]
[Black "RUPIS"]
[Result "0-1"]
[WhiteElo "1707"]
[BlackElo "1730"]
[Opening "Queen's pawn game"]
[ECO "D02"]
[Time "10:00:17"]
[TimeControl "2700+45"]

1. d4 d5 2. Nf3 e6 3. g3 Nf6 4. Bg2 c5 5. c3 Nbd7 6. O-O b6 7. Bg5 Be7 8. Ne5
Qc7 9. Qa4 O-O 10. Nc6 Bd6 11. f4 Ng4 12. Be7 Re8 13. Bxd6 Qxd6 14. Ne5 Ne3 15.
Rf2 f6 16. Nf3 Bb7 17. Na3 Nxg2 18. Kxg2 e5 19. fxe5 fxe5 20. Qc2 e4 21. Nh4 Nf6
22. h3 Rac8 23. Nf5 Qd7 24. Qd2 e3 25. Nxe3 Ne4 26. Qd3 Qxh3+ {White resigns}
0-1

[Event "Team 45 45 League T70"]
[Site "Internet Chess Club"]
[Date "2016.09.14"]
[Round "2"]
[White "Heian"]
[Black "bayoumicardio10"]
[Result "0-1"]
[WhiteElo "1634"]
[BlackElo "1657"]
[Opening "King's pawn opening"]
[ECO "B07"]
[Time "19:00:25"]
[TimeControl "2700+45"]

1. e4 d6 2. Nf3 Nf6 3. Nc3 g6 4. Bc4 Bg7 5. d3 O-O 6. h3 e5 7. O-O Nc6 8. a3 Kh8
9. Be3 Ne8 10. Qd2 f5 11. Bg5 Nf6 12. Nd5 f4 13. Rae1 h6 14. Bxf6 Bxf6 15. Nxf6
Rxf6 16. d4 exd4 17. Nxd4 Ne5 18. Be2 Qe7 19. Nf3 Bd7 20. Nxe5 Qxe5 21. Qc3 Qxc3
22. bxc3 f3 23. Bxf3 Rxf3 24. gxf3 Bxh3 25. Re3 Bxf1 26. Kxf1 Kg7 27. c4 b6 28.
a4 g5 29. Kg2 Rf8 30. Kg3 h5 31. Rd3 Rf4 32. e5 dxe5 33. Rd7+ Rf7 34. Rd5 Kf6
35. a5 Ke6 36. axb6 axb6 37. Rd8 Kf5 38. c5 b5 39. c6 Rf6 40. Rd5 Rxc6 41. Rxb5
Rxc2 42. Rb8 h4+ 43. Kg2 c5 44. Rf8+ Ke6 45. Rg8 Kf6 46. Rf8+ Kg7 47. Rf5 Kg6
48. Rxe5 c4 49. Rc5 c3 50. Kh3 Rc1 51. Kg2 c2 52. Kh2 Kf6 53. Kg2 h3+ 54. Kh2
Ke6 55. Rc8 Ke5 56. Re8+ Kd4 57. Rd8+ Kc3 58. Rc8+ Kd2 59. Kxh3 Rh1+ 60. Kg4
Rg1+ 61. Kf5 c1=Q 62. Rxc1 Kxc1 63. f4 gxf4 64. Kxf4 Kd2 65. Ke4 Re1+ 66. Kf3
Kd3 67. Kf4 Ke2 68. f3 Rf1 {White resigns} 0-1

[Event "Team 45 45 League T70"]
[Site "Internet Chess Club"]
[Date "2016.09.18"]
[Round "2"]
[White "MarcB"]
[Black "rubo"]
[Result "1/2-1/2"]
[WhiteElo "1533"]
[BlackElo "1625"]
[Opening "Ruy Lopez: Schliemann defense"]
[ECO "C63"]
[Time "21:30:21"]
[TimeControl "2700+45"]

1. e4 e5 2. Nf3 Nc6 3. Bb5 f5 4. d3 fxe4 5. dxe4 Nf6 6. O-O Bc5 7. Bg5 d6 8.
Nbd2 O-O 9. c3 Qe8 10. h3 Qg6 11. Bxf6 Rxf6 12. Kh2 Qh6 13. Qe2 Bd7 14. a4 a6
15. Bxc6 bxc6 16. b4 Ba7 17. Qxa6 Bxh3 18. gxh3 Qf4+ 19. Kh1 Qh6 20. Kg2 Rg6+
21. Kh2 Qf4+ 22. Kh1 Rh6 23. Ng1 Qxd2 24. Qb7 Rf8 25. Qxa7 Qxc3 26. Qxc7 Rxh3+
27. Nxh3 Qxh3+ 28. Kg1 Qg4+ 29. Kh1 Qxe4+ 30. Kg1 Qg4+ 31. Kh1 Qf3+ 32. Kh2 Rf5
33. Qc8+ Kf7 34. Qd7+ Kg6 35. Qxd6+ Kf7 {Game drawn by mutual agreement} 1/2-1/2

[Event "Team 45 45 League T70"]
[Site "Internet Chess Club"]
[Date "2016.09.15"]
[Round "2"]
[White "nosir"]
[Black "JohLeb"]
[Result "1/2-1/2"]
[WhiteElo "1517"]
[BlackElo "1425"]
[Opening "Queen's pawn game, Chigorin variation"]
[ECO "D02"]
[Time "20:01:33"]
[TimeControl "2700+45"]

1. d4 d5 2. Nf3 Nc6 3. Bg5 Bg4 4. e3 h6 5. Bf4 Nf6 6. Be2 e6 7. Nbd2 Bd6 8. Bxd6
Qxd6 9. O-O O-O 10. c3 Bf5 11. Re1 Rfe8 12. Nf1 a6 13. Bd3 Bxd3 14. Qxd3 e5 15.
dxe5 Nxe5 16. Nxe5 Rxe5 17. Ng3 Qd7 18. Rad1 Rd8 19. e4 dxe4 20. Qxd7 Rxd7 21.
Rxd7 Nxd7 22. Rxe4 Rxe4 23. Nxe4 f5 24. Nd2 b5 25. Kf1 Kf7 26. Ke2 Ke6 27. Ke3
c5 28. b3 Ne5 29. h3 g5 30. f4 Ng6 31. fxg5 hxg5 32. g3 f4+ 33. gxf4 Nxf4 34.
Kf3 Kf5 35. c4 Nxh3 36. cxb5 axb5 37. a4 bxa4 38. bxa4 Nf4 39. Nb3 Ne6 40. a5 c4
41. Nd2 c3 42. Nb3 Ke5 43. a6 Kd5 44. Ke2 Kc4 45. Nc1 g4 46. Kf2 c2 47. Kg3 Kc3
48. Kxg4 Kc4 49. Kf3 Kb5 50. a7 Nc7 51. Ke3 Kb6 52. Kd2 Kxa7 53. Kxc2 {Game
drawn because neither player has mating material} 1/2-1/2

[Event "Team 45 45 League T70"]
[Site "Internet Chess Club"]
[Date "2016.09.16"]
[Round "2"]
[White "g8wrb"]
[Black "joaoazm"]
[Result "1-0"]
[WhiteElo "1228"]
[BlackElo "1129"]
[Opening "Ruy Lopez: Caro variation"]
[ECO "C70"]
[Time "12:32:35"]
[TimeControl "2700+45"]

1. e4 e5 2. Nf3 Nc6 3. Bb5 a6 4. Ba4 b5 5. Bb3 Nf6 6. Qe2 a5 7. c3 Bc5 8. O-O
Ng4 9. Qxb5 Ba6 10. Qxc5 Bxf1 11. Kxf1 Qe7 12. Qxe7+ Nxe7 13. h3 Nh6 14. Nxe5 f6
15. Nf3 O-O-O 16. d4 d5 17. Nbd2 dxe4 18. Nxe4 f5 {Black resigns} 1-0